 Dungeon Crawl Stone Soup version 0.25-a0-667-gb977e01cb5 (webtiles) character file.

Game seed: 9029058316614674152, levelgen mode: deterministic

5133 kae the Destroyer (level 10, -1/50 HPs)
             Began as a Tengu Air Elementalist on Mar 27, 2020.
             Was a Believer of Vehumet.
             Slain by a centaur warrior zombie (5 damage)
             ... on level 10 of the Dungeon.
             The game lasted 00:16:17 (13459 turns).

kae the Destroyer (Tengu Air Elementalist)         Turns: 13459, Time: 00:16:18

Health: -1/50      AC:  5    Str:  8    XL:     10   Next: 58%
Magic:  16/22      EV: 15    Int: 19    God:    Vehumet [**....]
Gold:   588        SH:  0    Dex: 15    Spells: 9/24 levels left

rFire    . . .     SeeInvis .   h - +5 hand axe (flame)
rCold    . . .     Gourm    .   (no shield)
rNeg     . . .     Faith    .   a - +1 robe
rPois    .         Spirit   .   (helmet restricted)
rElec    .         Reflect  .   x - +0 cloak (curse)
rCorr    .         Harm     .   s - +0 pair of gloves
MR       .....                  (boots unavailable)
Stlth    ++........             (no amulet)
HPRegen  0.16/turn              (no ring)
MPRegen  0.18/turn              (no ring)

@: flying quickly and evasively, quick
A: beak, talons 3, able to fly
a: Stop Flying, Renounce Religion


You were on level 10 of the Dungeon.
You worshipped Vehumet.
Vehumet was pleased with you.
You were hungry.

You visited 2 branches of the dungeon, and saw 11 of its levels.

You collected 614 gold pieces.
You spent 26 gold pieces at shops.

Inventory:

Hand Weapons
 h - a +5 hand axe of flaming (weapon)
Armour
 a - a +1 robe (worn)
 s - a +0 pair of gloves (worn)
 x - a cursed +0 cloak (worn)
Wands
 g - a wand of paralysis (3)
 n - a wand of polymorph (11)
 r - a wand of random effects (5)
 v - a wand of acid (13)
 B - a wand of scattershot (4)
Scrolls
 b - 4 scrolls of teleportation
 f - 3 scrolls of enchant armour
 k - 2 scrolls of fear
 l - 6 scrolls of identify
 m - 3 scrolls of immolation
 o - 6 scrolls of remove curse
 A - a scroll of blinking
 C - a scroll of magic mapping
 F - a scroll of amnesia
Potions
 d - a potion of flight
 e - 2 potions of degeneration
 i - 2 potions of might
 j - 5 potions of curing
 p - a potion of brilliance
 q - 3 potions of ambrosia
 t - a potion of lignification
 u - a potion of heal wounds
 w - a potion of mutation
 z - a potion of stabbing
 D - a potion of invisibility
Comestibles
 c - 16 rations


   Skills:
 - Level 2.1 Dodging
 - Level 2.0 Stealth
 + Level 7.7 Spellcasting
 - Level 13.0 Conjurations
 + Level 11.1 Air Magic


You had 9 spell levels left.
You knew the following spells:

 Your Spells              Type           Power        Failure   Level  Hunger
a - Shock                 Conj/Air       ####         1%          1    None
b - Static Discharge      Conj/Air       ######..     1%          3    #......
c - Airstrike             Air            #####.....   1%          4    ###....
d - Lightning Bolt        Conj/Air       ######....   1%          5    #####..
e - Swiftness             Chrm/Air       ####....     1%          2    None

Your spell library contained the following spells:

 Spells                   Type           Power        Failure   Level  Hunger
 Freeze                   Ice            #...         10%         1    None
 Magic Dart               Conj           ####         1%          1    None
 Searing Ray              Conj           ######       1%          2    None
 Dazzling Flash           Conj/Hex       ####..       1%          3    #......
 Stone Arrow              Conj/Erth      ####..       1%          3    #......
 Fulminant Prism          Conj/Hex       ####......   6%          4    ###....
 Iskenderun's Mystic Bla  Conj/Tloc      ####....     6%          4    ###....
 Animate Skeleton         Necr           N/A          10%         1    None
 Apportation              Tloc           #.....       10%         1    None
 Corona                   Hex            #......      10%         1    None
 Sandblast                Erth           #.....       10%         1    None
 Summon Small Mammal      Summ           #...         10%         1    None
 Passwall                 Tmut/Erth      #.......     14%         2    None
 Petrify                  Tmut/Erth      #.......     67%         4    ###....
 Lee's Rapid Deconstruct  Erth           #.........   95%         5    #####..


Dungeon Overview and Level Annotations

Branches:
Dungeon (10/15)            Temple (1/1) D:4            Lair (0/6) D:9
    Orc (0/2) D:9

Altars:
Ashenzari
Cheibriados
Dithmenos
Elyvilon
Fedhas
Gozag
Hepliaklqana
Kikubaaqudgha
Makhleb
Nemelex Xobeh
Okawaru
Qazlal
Ru
Sif Muna
Trog
Uskayaw
Vehumet
Wu Jian
Xom
Yredelemnul
Zin
The Shining One

Shops:
D:9 ?

Annotations:
D:8 Harold


Innate Abilities, Weirdness & Mutations

You have a beak for a mouth.
You have claws for feet.
You can fly continuously.


Message History

Confirm with . or Enter, or press ? or * to list all spells.
The centaur warrior zombie is struck by an arc of lightning!
The centaur warrior zombie is moderately damaged.
You are struck by an arc of lightning.
The centaur warrior zombie is struck by an arc of lightning.
The centaur warrior zombie is moderately damaged.
The lightning grounds out.
The manticore is struck by an arc of lightning.
The manticore is moderately wounded.
You are struck by an arc of lightning.
The centaur warrior zombie is struck by an arc of lightning.
The centaur warrior zombie is moderately damaged.
The lightning grounds out.
The centaur warrior zombie hits you! The manticore bites you.
* * * LOW HITPOINT WARNING * * *
The manticore claws you!
* * * LOW HITPOINT WARNING * * *
The manticore barely misses you. The centaur warrior zombie hits you.
You die...

##. #. #.. ## ##.
#.##.# ##.. #....
##...####..###
##.....##.....##
##.......#†#...$#
...........#..Z.#
#.......#.##..@#
##.....##..####H).#
#...........[#....# #
#.#.##.#.....#%...#.#
# #. #.###...##.....
#+# # #.#
###..###.### ##.####
#.# #......# #......
#.#####...####
#..####
..##.........#
##...##


You could see a manticore and a centaur warrior zombie.

Vanquished Creatures
  A hornet (D:7)
  Sigmund (D:6)
  A spriggan (D:7)
  Eustachio (D:5)
  A yak (D:9)
  Edmund (D:5)
  A water moccasin (D:8)
  4 porcupines (D:9)
  An ice beast (D:5)
  2 necrophages
  7 ogres
  4 centaurs
  A crocodile (D:9)
  6 bullfrogs
  Blork the orc (D:4)
  4 scorpions
  9 killer bees
  4 wights (D:9)
  3 crimson imps
  3 hounds
  A quasit (D:7)
  7 orc wizards
  A centaur skeleton (D:9)
  4 orc priests
  Crazy Yiuf (D:6)
  A bullfrog skeleton (D:9)
  Natasha (thrice) (D:3)
  4 iguanas
  8 worker ants
  A hound zombie (D:6)
  A mummy (D:5)
  A gnoll (D:3)
  9 adders
  4 oozes
  An adder skeleton (D:6)
  An adder zombie (D:9)
  6 leopard geckos
  35 orcs
  3 giant cockroaches
  10 goblins
  9 hobgoblins
  8 jackals
  6 kobolds
  8 quokkas
  7 bats
  5 frilled lizards
  A leopard gecko zombie (D:6)
  6 rats
  2 plants (D:9)
210 creatures vanquished.

Vanquished Creatures (others)
  38 fungi (D:9)
  6 plants (D:9)
44 creatures vanquished.

Grand Total: 254 creatures vanquished

Notes
Turn   | Place    | Note
-------+----------+-------------------------------------------
     0 | D:1      | kae the Tengu Air Elementalist began the quest for the Orb.
     0 | D:1      | Reached XP level 1. HP: 10/10 MP: 4/4
   398 | D:1      | Reached skill level 2 in Conjurations
   447 | D:1      | Reached XP level 2. HP: 11/15 MP: 6/6
  1360 | D:2      | Reached skill level 3 in Conjurations
  1360 | D:2      | Reached XP level 3. HP: 18/19 MP: 1/7
  2062 | D:2      | Reached XP level 4. HP: 16/24 MP: 8/8
  2336 | D:2      | Reached skill level 4 in Conjurations
  2423 | D:2      | Learned a level 3 spell: Static Discharge
  2707 | D:3      | Noticed Natasha
  2934 | D:2      | Reached skill level 5 in Air Magic
  2934 | D:2      | Gained mutation: You can fly continuously. [Tengu growth]
  2934 | D:2      | Reached XP level 5. HP: 8/28 MP: 2/10
  3774 | D:3      | Reached skill level 5 in Conjurations
  3912 | D:2      | Learned a level 4 spell: Airstrike
  4098 | D:3      | Found a faded altar of an unknown god.
  4499 | D:3      | Killed Natasha
  4605 | D:3      | Noticed Natasha
  4612 | D:3      | Killed Natasha
  4612 | D:3      | Reached XP level 6. HP: 32/32 MP: 8/11
  4622 | D:3      | Noticed Natasha
  4629 | D:3      | Killed Natasha
  4911 | D:3      | Found a faded altar of an unknown god.
  5028 | D:4      | Reached skill level 6 in Conjurations
  5314 | D:4      | Found a staircase to the Ecumenical Temple.
  5371 | Temple   | Entered the Ecumenical Temple
  5820 | D:4      | Noticed Blork the orc
  5941 | D:4      | Reached XP level 7. HP: 36/36 MP: 4/13
  6504 | D:4      | Learned a level 5 spell: Lightning Bolt
  6509 | D:4      | Killed Blork the orc
  6509 | D:4      | Reached skill level 7 in Conjurations
  6554 | D:5      | Entered Level 5 of the Dungeon
  6577 | D:5      | Found an ornate altar of the Wu Jian Council.
  6580 | D:5      | Noticed Eustachio
  6596 | D:5      | Killed Eustachio
  6642 | D:5      | Found an ancient bone altar of Kikubaaqudgha.
  6906 | D:5      | Reached skill level 8 in Conjurations
  6907 | D:5      | Reached XP level 8. HP: 31/41 MP: 9/15
  7784 | D:5      | Found a snail-covered altar of Cheibriados.
  7788 | D:5      | Reached skill level 9 in Conjurations
  7842 | D:6      | Noticed Sigmund
  7844 | D:6      | Noticed Edmund
  8147 | D:5      | Killed Edmund
  8147 | D:5      | Reached skill level 5 in Spellcasting
  8315 | D:6      | Killed Sigmund
  8405 | D:6      | Reached skill level 10 in Conjurations
  8688 | D:6      | Reached XP level 9. HP: 45/45 MP: 10/18
  8736 | D:6      | Learned a level 2 spell: Swiftness
  9410 | D:6      | Found a runed translucent door.
  9411 | D:6      | Noticed Crazy Yiuf
  9749 | D:6      | Killed Crazy Yiuf
  9892 | D:7      | Found a radiant altar of Vehumet.
  9927 | D:7      | Became a worshipper of Vehumet
 10096 | D:7      | Found a sparkling altar of Nemelex Xobeh.
 10323 | D:7      | Reached skill level 11 in Conjurations
 10366 | D:7      | Noticed a hornet
 10368 | D:7      | Killed a hornet
 10448 | D:7      | Found a sparkling altar of Nemelex Xobeh.
 10968 | D:8      | Noticed Harold
 11174 | D:8      | Reached skill level 12 in Conjurations
 11363 | D:8      | Reached * piety under Vehumet
 11363 | D:8      | Offered knowledge of Foxfire by Vehumet.
 11595 | D:8      | Reached XP level 10. HP: 20/50 MP: 4/20
 11874 | D:8      | Reached skill level 10 in Air Magic
 12467 | D:9      | Reached skill level 13 in Conjurations
 12533 | D:9      | Found a staircase to the Orcish Mines.
 12621 | D:9      | Reached ** piety under Vehumet
 12621 | D:9      | Offered knowledge of Freeze by Vehumet.
 12672 | D:9      | Found a basalt altar of Yredelemnul.
 12982 | D:9      | Found Ataisuil's Magic Scroll Shoppe.
 12988 | D:9      | Bought a scroll of identify for 26 gold pieces
 13059 | D:9      | Found a staircase to the Lair.
 13376 | D:10     | Entered Level 10 of the Dungeon
 13451 | D:10     | Noticed a manticore
 13459 | D:10     | Slain by a centaur warrior zombie

Levels and vault maps discovered:
D:1:      noname_arrival_rooms_in_the_neighbourhood, layout_basic
D:2:      wad_woods_pond, layout_loops_corners
D:3:      layout_rooms, chequers_ecumenical_altar_simple_redux, first_ration,
          st_stairs_5, uniq_natasha
D:4:      layout_layer_cave, minmay_temple_entry_tees, uniq_blork_the_orc
D:5:      layout_gridville, old_standard_altar, slow_altar_2,
          nicolae_overflow_crystal_walls, uniq_eustachio
D:6:      layout_basic, st_stairs_5, uniq_edmund, uniq_sigmund,
          uniq_crazy_yiuf_cottage
D:7:      layout_gridville, nemelex_xobeh_ov_fountains_minmay, vehumet_crystals,
          the_bakery, nemelex_dance_club_becter
D:8:      layout_rooms, uniq_harold
D:9:      layout_loops_ring, old_standard_altar, due_lair_maze_entry_diamond,
          serial_shops, nicolae_shop_waterfront, minmay_misc_feat_columns
D:10:     layout_loops_corners, serial_shops, nicolae_shop_trees,
          ebering_ghost_funeral_grove, minmay_bent, uniq_sonja, uniq_nergalle
Temple:   regret_index_temple_sphere_string

Skill      XL: |  1  2  3  4  5  6  7  8  9 10 |
---------------+-------------------------------+-----
Conjurations   | 2 3 4 5 6 8 10 12 13 | 13.0
Air Magic      | 5 6 8 9 11 | 11.1
Spellcasting   | 3 4 5 6 7 |  7.7
Dodging        | |  2.1
Stealth        | |  2.0

Action                   |  1- 3 |  4- 6 |  7- 9 | 10-12 || total
-------------------------+-------+-------+-------+-------++-------
Melee: Unarmed           |     9 |       |       |       ||     9
       Hand axe          |    21 |    22 |    65 |    19 ||   127
       Kick              |     4 |     4 |    11 |     4 ||    23
       Peck              |     5 |     1 |     8 |       ||    14
       Morningstar       |       |       |     7 |       ||     7
 Cast: Shock             |    60 |   125 |   183 |    82 ||   450
       Static Discharge  |       |     2 |    20 |    10 ||    32
       Airstrike         |       |       |    17 |    10 ||    27
       Swiftness         |       |       |     1 |       ||     1
 Abil: Fly               |       |       |       |     1 ||     1
  Use: Potion            |     1 |     1 |     1 |       ||     3
       Scroll            |     7 |     6 |    11 |     2 ||    26
 Stab: Sleeping          |       |       |     2 |       ||     2
  Eat: Chunk             |     4 |    11 |    15 |     3 ||    33
       Ration            |       |       |     2 |     1 ||     3
Armor: Robe              |     3 |    11 |    46 |     8 ||    68
Dodge: Dodged            |    34 |    47 |   120 |    48 ||   249

Table legend:
 A = Non-vault XP
 B = Vault XP
 C = Vault XP percentage of total XP
 D = Non-vault monster count
 E = Vault monster count
 F = Vault count percentage of total count
                 A         B        C        D         E       F
            +---------+---------+-------+---------+---------+-------
      Total |    5002 |    2331 |  31.8 |     183 |      25 |  12.0
            +---------+---------+-------+---------+---------+-------
        D:1 |      22 |       0 |   0.0 |      13 |       0 |   0.0
        D:2 |     122 |      36 |  22.8 |      25 |       2 |   7.4
        D:3 |     144 |      49 |  25.4 |      30 |       2 |   6.2
        D:4 |     374 |      94 |  20.1 |      13 |       1 |   7.1
        D:5 |     671 |     380 |  36.2 |      23 |       3 |  11.5
        D:6 |     565 |     284 |  33.5 |      16 |       3 |  15.8
        D:7 |     902 |     321 |  26.2 |      15 |       3 |  16.7
        D:8 |    1311 |       0 |   0.0 |      33 |       0 |   0.0
        D:9 |     891 |    1122 |  55.7 |      15 |       9 |  37.5
       D:10 |       0 |      45 | 100.0 |       0 |       2 | 100.0
            +---------+---------+-------+---------+---------+-------
